Shingrix, chaotic male elven Priest --------------- ...............# |.............|# |.............|# ....<.........|# --------|------# ## % # # ### ### # #----- ##@o#oo #|...| -|---- #|...| |....| #|...| |....| #-...| |.>.^| ----- |....| |....| ------ Shingrix the Acolyte Experience level: 4 Strength: 12 Dexterity: 12 Constitution: 12 Intelligence: 10 Wisdom: 20 Charisma: 9 Health: 0(34) Energy: 70(77) Def: 3 Gold: 0 Moves: 1479 Dungeon seed: oMGQCSfuTTPFsD5J Game ID: Shingrix_1614263216 Your Inventory: Weapons a - a blessed +1 mace (weapon in hand) i - a +0 orcish dagger m - 8 +0 crossbow bolts p - a blessed +0 elven bow Armor e - a +0 robe (being worn) n - a +0 small shield (being worn) q - a +0 elven mithril-coat Comestibles d - a sprig of wolfsbane s - a cram ration v - a food ration Potions t - a potion of restore ability Tools h - a bugle k - a sack l - a tin whistle u - a tin whistle Gems r - 2 rocks y - a worthless piece of blue glass z - 2 worthless pieces of yellowish brown glass Contents of the sack: 325 gold pieces a spellbook of cause fear a spellbook of detect food a spellbook of extra healing 4 potions of holy water a citrine stone Spells and supernatural/magical abilities: Name Level Category Fail Memory c - cause fear 3 enchantment 55% 99% x - extra healing 3 healing 50% 93% E - detect food 2 divination 14% 93% W - pray for help -- divine ? -- X - turn undead -- divine ? -- Your skills at the end: Fighting Skills Weapon Skills mace [Basic] Spellcasting Skills clerical spells [Basic] Final Attributes: You were piously aligned. You were sleep resistant. You had infravision. You are dead. Vanquished creatures: 2 shriekers a kobold lord a hill orc 4 coyotes a large kobold a hobgoblin 2 giant rats 4 cave spiders a brown mold a gnome zombie 3 geckos a jackal 2 foxes a kobold a goblin 2 grid bugs a bat 2 kobold zombies 7 newts 38 creatures vanquished. Voluntary challenges: You used a wielded weapon 42 times, starting on turn 42. You read items or engraved 6 times, starting on turn 1197. You never genocided any monsters. You never polymorphed an object. You never changed form. You used no wishes. You never split a pudding. You never wrote Elbereth's name. You never violated your personal moral code. Dungeon overview: The Dungeons of Doom: levels 1 to 5 Level 1 an altar to Susanowo a long staircase Level 2 some fountains Level 3 an altar to Amaterasu Omikami, a fountain a long staircase Level 4 Level 5 <- You were here History has recorded: On T:1 you entered the Dungeons of Doom to retrieve the Amulet of Yendor! On T:401 you reached level 2 of The Dungeons of Doom. On T:497 you advanced to experience level 2. On T:659 you reached level 3 of The Dungeons of Doom. On T:880 you advanced to experience level 3. On T:999 you reached level 4 of The Dungeons of Doom. On T:1314 you reached level 5 of The Dungeons of Doom. On T:1379 you advanced to experience level 4. Score breakdown: Gold: 325 ( 8549 points) Experience: 4 levels ( 9649 points) Exploration: 5 levels ( 10.42%) ( 8751 points) Discoveries: 2 items ( 0.70%) ( 2504 points) Valuables value: (no points given unless you survive) Artifact value: 0 ( 0 points) Variety of kills: 19 monsters ( 4.99%) ( 6699 points) Turncount: 1479 turns ( 0 points) Survival: died (score multiplied by 80%) Total score: 28921 Latest messages: Suddenly, Qwerty disappears out of sight. You stop running. The hill orc throws a crude dagger! You stop running. You are hit by a crude dagger. The hill orc hits! You hit the hill orc! The hill orc hits! You kill the hill orc! The crude dagger hits the hill orc. You see here a crude dagger. i - a crude dagger. The crude dagger hits the hill orc. You hit the hill orc! The hill orc hits! You fail to cast the spell correctly. The hill orc throws a crude dagger! The hill orc is hit. The hill orc hits! You die... Final status: Goodbye Shingrix the Priest, killed by a hill orc... You died in The Dungeons of Doom on dungeon level 5 with 28921 points, and 325 pieces of gold, after 1479 moves. You were level 4 with a maximum of 34 hit points when you died.